 Dungeon Crawl Stone Soup version 0.28.0-43-g3370ac3207 (webtiles) character file.

Game seed: 12608387309771738779

88 Arcadio the Shooter (level 4, 0/28 HPs)
             Began as a Kobold Hunter on Mar 3, 2022.
             Slain by Natasha (4 damage)
             ... on level 2 of the Dungeon.
             The game lasted 00:03:08 (2787 turns).

Arcadio the Shooter (Kobold Hunter)                 Turns: 2787, Time: 00:03:08

Health: 0/28       AC:  4    Str: 11    XL:     4   Next: 81%
Magic:  4/4        EV: 15    Int: 12    God:
Gold:   122        SH:  0    Dex: 15    Spells: 3/3 levels left

rFire   . . .      SeeInvis .   b - +0 short sword
rCold   . . .      Faith    .   (no shield)
rNeg    . . .      Spirit   .   c - +0 leather armour
rPois   .          Reflect  .   (no helmet)
rElec   .          Harm     .   (no cloak)
rCorr   .          Rampage  .   (no gloves)
Will    .....                   f - +0 pair of boots
Stlth   +++.......              (no amulet)
HPRegen 0.09/turn               (no ring)
MPRegen 0.09/turn               (no ring)

@: slowed, very slow
A: small, no large weapons, nightstalker 3
a: no special abilities


You were on level 2 of the Dungeon.
You visited 1 branch of the dungeon, and saw 2 of its levels.

You collected 122 gold pieces.

Inventory:

Hand Weapons
 a - a +1 shortbow
 b - a +0 short sword (weapon)
Missiles
 d - 55 arrows
Armour
 c - a +0 leather armour (worn)
 f - a +0 pair of boots (worn)
Jewellery
 i - a ring of protection from fire
Scrolls
 e - a scroll of identify {unknown}
 g - a scroll of magic mapping {unknown}
 h - 2 scrolls of teleportation {unknown}


   Skills:
 + Level 3.4 Fighting
 + Level 4.6 Bows
 + Level 3.8 Dodging
 - Level 1.3 Stealth


You had 3 spell levels left.
You didn't know any spells.
Your spell library contained the following spells:

 Spells                   Type           Power      Damage    Failure   Level
 Sting                    Tmut/Pois      0%         1d3       41%         1
 Poisonous Vapours        Pois/Air       0%         N/A       54%         2
 Olgreb's Toxic Radiance  Pois           0%         N/A       99%         4


Dungeon Overview and Level Annotations

Branches:
Dungeon (2/15)

Altars:
Kikubaaqudgha

Annotations:
D:2 Natasha


Innate Abilities, Weirdness & Mutations

You are small and have problems with some larger weapons.
You are completely attuned to the shadows.


Message History

Natasha casts a spell at you. You resist with some effort.
You hit Natasha.
Natasha is lightly wounded.
Natasha claws you.
You hit Natasha but do no damage.
Natasha is lightly wounded.
Natasha mumbles some strange words.
You hit Natasha but do no damage.
Natasha is lightly wounded.
Natasha completely misses you.
You hit Natasha.
Natasha is lightly wounded.
Natasha claws you.
You hit Natasha but do no damage.
Natasha is lightly wounded.
Natasha closely misses you.
You hit Natasha but do no damage.
Natasha is lightly wounded.
Natasha closely misses you.
You closely miss Natasha.
Natasha is lightly wounded.
Natasha stares at you and mumbles some strange words.
You feel yourself slow down.
You hit Natasha.
Natasha is heavily wounded.
Natasha misses you. Natasha casts a spell at you. The magic dart hits you.
* * * LOW HITPOINT WARNING * * *
Natasha casts a spell at you. You resist with some effort.
Natasha stares at you and mumbles some strange words.
The magic dart hits you.
* * * LOW HITPOINT WARNING * * *
You see here a frilled lizard corpse.
You hit Natasha.
Natasha is severely wounded.
Natasha misses you. Natasha claws you.
You die...

#....)..#.#.##..###.#
#########......รท....# ##
#.#.#...###.# #.
......#.###..
#.###..........#.#
###..........#......
.............#.###..
#############.#......#.#....
#...(.(..5h@.........#.#....
###.#########..... #.#..._
#.# ##..#. .##... #.# ..#
...... #.###### ... .#####.#
#......##### ......<.
####........ .....#..
#.#.##### ####.### #.#.# ...
........


You could see Natasha and a white imp (summoned).

Vanquished Creatures
  Natasha (D:2)
  An adder (D:2)
  5 endoplasms (D:2)
  4 giant cockroaches
  6 goblins
  2 hobgoblins (D:1)
  4 jackals (D:2)
  2 kobolds (D:1)
  A quokka (D:2)
  7 ball pythons
  9 bats
  3 frilled lizards
  4 rats (D:2)
49 creatures vanquished.

Notes
Turn   | Place    | Note
-------+----------+-------------------------------------------
     0 | D:1      | Arcadio the Kobold Hunter began the quest for the Orb.
     0 | D:1      | Reached XP level 1. HP: 12/12 MP: 1/1
   336 | D:1      | Reached XP level 2. HP: 13/18 MP: 2/2
  1145 | D:1      | Reached XP level 3. HP: 19/22 MP: 3/3
  1838 | D:2      | Found an ancient bone altar of Kikubaaqudgha.
  2364 | D:2      | Reached XP level 4. HP: 22/28 MP: 4/4
  2663 | D:2      | Noticed Natasha
  2692 | D:2      | Killed Natasha
  2753 | D:2      | Noticed Natasha
  2787 | D:2      | Slain by Natasha

Illustrated notes

Levels and vault maps discovered:
D:1:      dpeg_arrival_short_road, layout_basic
D:2:      layout_basic, basic_altar, uniq_natasha

Skill      XL: |  1  2  3 |
---------------+----------+-----
Dodging        | 3 |  3.8
Fighting       | 3 |  3.4
Bows           | |  4.6
Stealth        | |  1.3

Action                   |  1- 3 |  4- 6 || total
-------------------------+-------+-------++-------
Melee: Short sword       |   146 |    47 ||   193
       Punch             |     1 |       ||     1
 Fire: Shortbow          |     3 |     5 ||     8
 Stab: Sleeping          |     9 |     1 ||    10
Armor: Leather armour    |    50 |     8 ||    58
Dodge: Dodged            |   142 |    35 ||   177
